 Dungeon Crawl Stone Soup version 0.17-a0-1262-gd250d98 (webtiles) character file.

139 Hanyuu the Chopper (level 5, 38/41 HPs)
             Began as a Demonspawn Gladiator on June 6, 2015.
             Quit the game on level 4 of the Dungeon.
             The game lasted 00:10:49 (3195 turns).

Hanyuu the Chopper (Demonspawn Gladiator)           Turns: 3195, Time: 00:10:50

Health: 38/41      AC: 10    Str: 15    XL:     5   Next: 1%
Magic:  5/5        EV: 12    Int: 10    God:
Gold:   211        SH:  0    Dex: 12    Spells: 0 memorised, 4 levels left

rFire  . . .     SeeInvis .     a - +0 war axe
rCold  . . .     Clarity  .     b - +0 leather armour
rNeg   . . .     SustAt   .     (no shield)
rPois  .         Gourm    .     c - +1 helmet
rElec  .         Spirit   .     (no cloak)
rCorr  .         Warding  .     (no gloves)
rMut   .         Stasis   .     t - +2 pair of boots {Fly}
MR     .....                    (no amulet)
Stlth  ++........               (no ring)
                                k - -2 ring of dexterity (curse)

@: flying, not resistant to hostile enchantments, unstealthy
A: thin metallic scales 1, nightstalker 1, powered by pain 1
a: Stop Flying


You were on level 4 of the Dungeon.
You were not hungry.

You visited 1 branch of the dungeon, and saw 4 of its levels.

You collected 211 gold pieces.

Inventory:

Hand weapons
 a - a +0 war axe (weapon)
Missiles
 d - 3 throwing nets (quivered)
 u - 14 poisoned needles
 y - 5 tomahawks
Armour
 b - a +0 leather armour (worn)
 c - a +1 helmet (worn)
 j - a +1 plate armour of fire resistance
 n - a +0 ring mail of fire resistance
 o - a +0 ring mail
 s - a +3 chain mail
 t - a +2 pair of boots of flying (worn)
Jewellery
 e - an uncursed amulet of resist mutation
 k - a cursed -2 ring of dexterity (left hand)
Scrolls
 g - 2 scrolls of teleportation
 w - a scroll of enchant armour
 x - 3 scrolls of identify
Potions
 f - 4 potions of curing
 h - a potion of degeneration
 m - a potion of heal wounds {unknown}
 p - 2 potions of might {unknown}
 r - a potion of cancellation {unknown}
Miscellaneous
 v - a plain deck of defence
Comestibles
 i - 9 chunks of flesh
 l - a bread ration
 q - a slice of pizza


   Skills:
 - Level 3.0 Fighting
 * Level 4.7 Axes
 - Level 1.7 Throwing
 - Level 2.6 Dodging


You had 4 spell levels left.
You didn't know any spells.

Dungeon Overview and Level Annotations

Branches:
Dungeon (4/15)
 Temple: D:4-7

Altars:
Okawaru
Ru
The Shining One


Innate Abilities, Weirdness & Mutations

You are partially covered in thin metallic scales (AC +2).
You are slightly more attuned to the shadows.
You sometimes gain a little power by taking damage.


Message History

The orc is moderately wounded.
The orc hits you with a whip.
You barely miss the orc.
The orc is moderately wounded.
The orc barely misses you. x2
You slash the orc!
You kill the orc!
No target in view!
y - a tomahawk
y - 2 tomahawks (gained 1)
Things that are here:
a stone; a kobold corpse
Things that are here:
a club; an orc corpse
Things that are here:
a falchion of pain; a leather armour
y - 5 tomahawks (gained 3)
You see here a whip.
Found a stone staircase leading down.
Are you sure you want to abandon this character and quit the game? (Confirm with "yes".)

.....# ##(##
##.... ###).#
#######..))##
#....)..#
.........##
..........#
..........##
...........#
.........@##
...........#
..........#
.......#.#
...... #.
.....# ..
.>..# ..


There were no monsters in sight!

Vanquished Creatures
  2 adders
  2 oozes (D:1)
  A worm (D:2)
  4 giant geckos
  11 orcs
  2 ball pythons (D:2)
  6 giant cockroaches
  12 goblins
  11 hobgoblins
  9 jackals (D:1)
  2 quokkas
  6 bats
  A giant newt (D:1)
  9 kobolds
  11 rats
89 creatures vanquished.

Notes
Turn   | Place    | Note
--------------------------------------------------------------
     0 | D:1      | Hanyuu the Demonspawn Gladiator began the quest for the Orb.
     0 | D:1      | Reached XP level 1. HP: 16/16 MP: 1/1
   214 | D:1      | Reached skill level 3 in Axes
   298 | D:1      | Gained mutation: You sometimes gain a little power by taking damage. [demonic ancestry]
   298 | D:1      | Reached XP level 2. HP: 12/22 MP: 2/2
   550 | D:1      | Gained mutation: You are partially covered in thin metallic scales (AC +2). [demonic ancestry]
   550 | D:1      | Reached XP level 3. HP: 11/27 MP: 3/3
   837 | D:1      | Reached skill level 4 in Axes
  1161 | D:2      | Found a glowing golden altar of the Shining One.
  1198 | D:2      | Found an iron altar of Okawaru.
  1339 | D:2      | Found a sacrificial altar of Ru.
  1628 | D:2      | Reached XP level 4. HP: 19/34 MP: 4/4
  3174 | D:4      | Gained mutation: You are slightly more attuned to the shadows. [demonic ancestry]
  3174 | D:4      | Reached XP level 5. HP: 41/41 MP: 5/5
  3195 | D:4      | Quit the game

Vault maps used:
D:1:      dpeg_arrival_circle_labyrinth_c, serial_bayou_pond_c
D:2:      tso_oasis_becter, lemuel_round_altar, minmay_misc_feat_diagonals,
          okawaru_gym_becter
D:3:      grunt_ministairs_2, amalloy_card_club
D:4:      grunt_gozag_statues, first_bread

Action                   |  1- 3 |  4- 6 || total
-------------------------+-------+-------++-------
Melee: War axe           |   148 |   121 ||   269
  Use: Scroll            |     2 |     7 ||     9
       Potion            |       |     1 ||     1
  Eat: Chunk             |     2 |     1 ||     3
       Bread ration      |     1 |       ||     1
